 Dungeon Crawl Stone Soup version 0.31-a0-1597-ge7908ec (webtiles) character file.

Game seed: 4616966841158886700

286 PidgeyThePirate the Ruffian (level 6, -1/52 HPs)
             Began as a Ghoul Monk on Jan 7, 2024.
             Killed by divine providence
             ... invoked by an orc priest
              (15 damage)
             ... on level 3 of the Dungeon.
             The game lasted 00:04:29 (1568 turns).

PidgeyThePirate the Ruffian (Ghoul Monk)            Turns: 1568, Time: 00:04:30

Health: -1/52      AC:  9    Str: 23    XL:     6   Next: 30%
Magic:  6/6        EV:  9    Int:  9    God:
Gold:   102        SH:  0    Dex: 11    Spells: 5/5 levels left

rFire   . .          .
                       - Unarmed
rCold   + . .        c - orb {light}
rNeg    + + +        a - +0 chain mail
rPois   ∞            o - +0 helmet
rElec   .            (no cloak)
rCorr   .            (no gloves)
SInv    .            (no boots)
Will    .....        (no amulet) Stlth
                     h - +6 ring of strength
HPRegen 0.00/turn    (no ring)
MPRegen 0.10/turn

%: no passive effects
@: inhibited regen, glowing
A: claws 1, cold resistance 1, negative energy resistance 3, inhibited
regeneration, torment resistance 2, devour on kill
a: no special abilities


You were on level 3 of the Dungeon.
You visited 1 branch of the dungeon, and saw 3 of its levels.

You collected 102 gold pieces.

Inventory:

Armour
 a - a +0 chain mail (worn)
 c - an orb of light (worn)
 o - a +0 helmet (worn)
Jewellery
 h - a +6 ring of strength (left claw)
Wands
 l - a wand of polymorph (5)
Scrolls
 d - a scroll of enchant armour {unknown}
 e - 3 scrolls of identify {unknown}
 f - a scroll of enchant weapon {unknown}
 i - a scroll of vulnerability {unknown}
 j - a scroll of butterflies {unknown}
 k - a scroll of fog {unknown}
 m - a scroll of noise {unknown}
 p - a scroll of fear {unknown}
Potions
 b - a potion of ambrosia
 g - a potion of heal wounds {unknown}
 n - a potion of invisibility {unknown}
 q - a potion of curing {unknown}


   Skills:
 + Level 4.0 Fighting
 + Level 1.5 Armour
 + Level 3.3 Dodging
 + Level 1.4 Stealth
 + Level 6.1 Unarmed Combat


You had 5 spell levels left.
You didn't know any spells.
Your spell library contained the following spells:

 Spells                   Type           Power      Damage    Failure   Level
 Hailstorm                Conj/Ice       0%         3d5       100%        3
 Summon Ice Beast         Ice/Summ       0%         N/A       100%        3
 Sculpt Simulacrum        Ice/Alch       0%         N/A       100%        6


Dungeon Overview and Level Annotations

Branches:
Dungeon (3/15)

Altars:


Innate Abilities, Weirdness & Mutations

You are immune to poison.
You have sharp fingernails.
Your flesh is cold resistant. (rC+)
You are immune to negative energy. (rN+++)
You do not regenerate when monsters are visible.
You are immune to unholy pain and torment.
You thrive by killing the living.


Message History

The orc attacks as it pursues you! The orc hits you with a +0 hand axe.
The orc attacks as it pursues you! The orc barely misses you.
The orc barely misses you.
You feel less confused. The orc attacks as it pursues you!
The orc hits you but does no damage.
The orc priest calls upon Beogh to heal the orc.
The orc's wounds heal themselves!
You scratch the orc but do no damage. The orc hits you but does no damage.
The orc priest looks braver for a moment.
You barely miss the orc. The orc closely misses you.
The orc priest calls down the wrath of Beogh upon you.
Beogh smites you!
You scratch the orc.
The orc is lightly wounded.
The orc hits you but does no damage.
You scratch the orc.
The orc is heavily wounded.
The orc barely misses you.
You claw the orc!
You kill the orc!
You feel better.
You barely miss the orc. The orc hits you with a +0 hand axe.
You scratch the orc.
The orc is severely wounded.
You claw the orc!
You kill the orc!
You scratch the orc priest but do no damage.
The orc priest barely misses you.
You scratch the orc priest but do no damage.
The orc priest hits you with a +0 hand axe.
You claw the orc priest!
The orc priest is almost dead.
The orc priest invokes the aid of Beogh against you.
Beogh smites you!
* * * LOW HITPOINT WARNING * * *
You barely miss the orc priest.
The orc priest is almost dead.
The orc priest calls down the wrath of Beogh upon you.
Beogh smites you!
You die...

........#.#.......#
..#######.#.#######
..# ##.#.## ..#
#.....# ..#
#..##.## ..#
#..##..#### ..#
#..###....# ..#
#..# ####.# ### #
#@# ###o# #.#o#
###..o# ##.....#
####.....## .
#.......##
....###...)..##
.).........###


You could see an orc priest and 2 orc wizards.

Vanquished Creatures
  Sigmund (D:2)
  Robin (D:2)
  3 adders (D:2)
  A ribbon worm (D:2)
  6 orcs (D:3)
  4 bats
  3 endoplasms
  A giant cockroach (D:1)
  19 goblins
  8 hobgoblins
  3 jackals (D:1)
  2 quokkas (D:2)
  2 ball pythons
  2 frilled lizards (D:1)
  5 kobolds
  4 rats
65 creatures vanquished.

Notes
Turn   | Place    | Note
-------+----------+-------------------------------------------
     0 | D:1      | PidgeyThePirate the Ghoul Monk began the quest for the Orb.
     0 | D:1      | Reached XP level 1. HP: 19/19 MP: 1/1
    38 | D:1      | Reached XP level 2. HP: 17/26 MP: 2/2
   567 | D:2      | Reached XP level 3. HP: 33/33 MP: 3/3
   666 | D:2      | Reached skill level 4 in Unarmed Combat
   817 | D:2      | Reached skill level 1 in Stealth
   817 | D:2      | Reached XP level 4. HP: 40/40 MP: 4/4
   847 | D:2      | Noticed Robin
   877 | D:2      | Killed Robin
  1089 | D:2      | Noticed Sigmund
  1111 | D:2      | Killed Sigmund
  1112 | D:2      | Reached skill level 1 in Armour
  1112 | D:2      | Reached skill level 6 in Unarmed Combat
  1112 | D:2      | Reached XP level 5. HP: 22/46 MP: 5/5
  1112 | D:2      | Reached XP level 6. HP: 25/52 MP: 6/6
  1568 | D:3      | Killed from afar by an orc priest

Illustrated notes

Levels and vault maps discovered:
D:1:      mrwooster_arrival_statue_3, layout_basic, serial_park_tiny_2
D:2:      kennysheep_the_goblin_king, layout_basic, uniq_robin, uniq_sigmund
D:3:      layout_loops_ring, nicolae_tso_carved_into_rock, minitemple,
          minmay_misc_feat_x, kennysheep_pointless_box, nrook_campfire,
          uniq_grinder

Skill      XL: |  1  2  3  4 |
---------------+-------------+-----
Dodging        | 3 |  3.3
Unarmed Combat | 4 6 |  6.1
Stealth        | 1 |  1.4
Fighting       | 4 |  4.0
Armour         | 1 |  1.5

Action                     |  1- 3 |  4- 6 || total
---------------------------+-------+-------++-------
  Melee: Unarmed           |    77 |   100 ||   177
 Armour: Robe              |    31 |       ||    31
         Scale mail        |     4 |       ||     4
         Chain mail        |    21 |    67 ||    88
  Dodge: Dodged            |    54 |    38 ||    92

Table legend: (Time is in decaauts)
 A = Elapsed time spent in this place.
 B = Non-inter-level travel time spent in this place.
 C = Inter-level travel time spent in this place.
 D = Time resting spent in this place.
 E = Time spent auto-exploring this place.
 F = Levels seen in this place.
 G = Mean time per level.
                   A        B        C        D        E       F      G
               +--------+--------+--------+--------+--------+-----+--------+
         Total |   1554 |   1491 |     63 |      0 |    989 |   3 |  518.0 |
       Dungeon |   1554 |   1491 |     63 |      0 |    989 |   3 |  518.0 |
               +--------+--------+--------+--------+--------+-----+--------+

Top non-repeatable levels by time:
     D:2: 797 daAuts
     D:1: 537 daAuts
     D:3: 219 daAuts
